[Event "30th NATO Chess-ch 2019"]
[Site "Berlin"]
[Date "2019.09.17"]
[Round "2.15"]
[White "Tucker, David S"]
[Black "Watters, Chase"]
[Result "0-1"]
[ECO "B11"]
[WhiteElo "1997"]
[BlackElo "2179"]
[Annotator "NA"]
[PlyCount "78"]
[EventDate "2019.09.16"]
[EventType "swiss"]
[EventCountry "GER"]
[SourceTitle "playchess.com"]
[Source "ChessBase"]
[SourceQuality "1"]
[TimeControl "40/7200:1800"]

1. e4 c6 2. Nc3 d5 3. Nf3 Nf6 4. e5 Ne4 5. Be2 Bf5 6. Nh4 e6 7. Nxf5 exf5 8. O-O Nc5 9. d4 Ne6 10. Bf3 g6 11. b3 Bg7 12. a4 O-O $11 13. Re1 Na6 14. Ba3 Re8 15. Qd2 Qh4 16. Rad1 Ng5 17. Qd3 Ne4 18. g3 Qd8 19. Bg2 Nc7 20. f3 Nxc3 21. Qxc3 Ne6 22. Qd2 f4 23. c4 Bh6 24. Bd6 Qg5 25. g4 Rac8 26. c5 Qh4 27. b4 Bg5 28. Re2 h5 29. h3 hxg4 30. hxg4 Kg7 31. Qe1 Qh6 32. Rb2 Rh8 33. Qc3 Qh2+ 34. Kf1 Rh7 35. b5 Rch8 36. bxc6 bxc6 37. Rb8 Qh1+ 38. Kf2 Qxd1 39. Rxh8 Bh4# {--- Rxh8#} 0-1

[Event "30th NATO Chess-ch 2019"]
[Site "Berlin"]
[Date "2019.09.17"]
[Round "2.16"]
[White "Pavlidou, Ekaterini"]
[Black "Parker, Glen D"]
[Result "1-0"]
[ECO "D06"]
[WhiteElo "2178"]
[BlackElo "2014"]
[Annotator "NA"]
[PlyCount "45"]
[EventDate "2019.09.16"]
[EventType "swiss"]
[EventCountry "GER"]
[SourceTitle "playchess.com"]
[Source "ChessBase"]
[SourceQuality "1"]
[TimeControl "40/7200:1800"]

1. d4 Nf6 2. c4 d5 3. cxd5 Qxd5 4. Nc3 Qa5 5. Nf3 c6 6. Bd2 e6 7. e4 Bb4 8. Bd3 Nbd7 9. O-O $16 Bxc3 10. Bxc3 Qh5 11. Bb4 e5 12. Be2 exd4 13. Nxd4 Qe5 14. f4 Qc7 15. e5 Nd5 16. Bd6 Qb6 17. Kh1 Ne3 18. Qd2 Nxf1 19. Rxf1 Nc5 20. f5 Bd7 21. Qg5 f6 22. Bh5+ Kd8 23. Qxg7 1-0

[Event "30th NATO Chess-ch 2019"]
[Site "Berlin"]
[Date "2019.09.17"]
[Round "2.17"]
[White "Almonti, Alessandro"]
[Black "Kedzierski, Slawomir"]
[Result "0-1"]
[ECO "E01"]
[WhiteElo "1976"]
[BlackElo "2163"]
[Annotator "NA"]
[PlyCount "78"]
[EventDate "2019.09.16"]
[EventType "swiss"]
[EventCountry "GER"]
[SourceTitle "playchess.com"]
[Source "ChessBase"]
[SourceQuality "1"]
[TimeControl "40/7200:1800"]

1. Nf3 d5 2. c4 c6 3. g3 Nf6 4. Bg2 e6 5. b3 Nbd7 6. Bb2 Bd6 7. d4 O-O 8. O-O b6 9. Nbd2 Bb7 10. Ne5 Qc7 11. Nxd7 Qxd7 $14 12. e4 dxe4 13. Nxe4 Nxe4 14. Bxe4 Rfd8 15. Qc2 h6 16. Rad1 Rac8 17. Qb1 Rc7 18. Rfe1 Qc8 19. Rd3 Rcd7 20. Red1 Be7 21. Qc2 Bf6 22. c5 Be7 23. b4 a5 24. a3 Ba6 25. R3d2 axb4 26. axb4 Bb5 27. f4 Ra7 28. Ra1 Qb7 29. Rxa7 Qxa7 30. Qc3 Bf6 31. Qc1 Qa6 32. Qc3 Bc4 33. Qe3 Bd5 34. Rd1 Qa4 35. Ra1 Qxb4 36. Bc3 Qb5 37. Bd3 Qb3 38. Rb1 Qa2 39. Ra1 Qg2# 0-1

[Event "30th NATO Chess-ch 2019"]
[Site "Berlin"]
[Date "2019.09.17"]
[Round "2.18"]
[White "Bohn, Ulrich"]
[Black "Farrell, John"]
[Result "1-0"]
[ECO "D02"]
[WhiteElo "2157"]
[BlackElo "1985"]
[Annotator "NA"]
[PlyCount "97"]
[EventDate "2019.09.16"]
[EventType "swiss"]
[EventCountry "GER"]
[SourceTitle "playchess.com"]
[Source "ChessBase"]
[SourceQuality "1"]
[TimeControl "40/7200:1800"]

1. d4 d5 2. Bf4 Nf6 3. e3 c5 4. c3 Nc6 5. Nd2 e6 6. Ngf3 Bd6 7. Bg3 O-O 8. Bd3 Qe7 9. Ne5 {[%emt 1:56:11] D02: 1 d4 d5 2 Nf3 sidelines, including 2...Nf6 3 g3 and 2...Nf6 3 Bf4} Qc7 (9... Nd7 10. Nxd7 Qxd7 11. O-O b6 12. Bxd6 Qxd6 13. f4 f5 14. Nf3 c4 15. Bc2 b5 16. a3 a5 17. g4 Bd7 {½-½ (69) Grischuk,A (2781)-Hammer,J (2677) Stavanger 2015}) 10. f4 Ne8 11. Ndf3 $146 ({Predecessor:} 11. Qc2 g6 12. O-O f6 13. Nxc6 bxc6 14. Nf3 f5 15. Ne5 Nf6 16. Bh4 {½-½ (47) Kargl,K (2241)-Stocker,A (2179) Austria 2000}) 11... f5 12. Bh4 Be7 13. Bxe7 Qxe7 14. Qe2 Nf6 15. Rg1 Ne4 16. O-O-O Bd7 17. g4 Be8 18. gxf5 exf5 19. Bxe4 dxe4 20. Nxc6 Bxc6 21. Ne5 cxd4 22. Qc4+ Kh8 23. Rg3 Be8 24. Qxd4 $16 ({Stronger than} 24. cxd4 Bh5 $17) 24... Qf6 25. Qc5 Rg8 26. Qc7 Qb6 27. Qe7 Qb5 28. Rdg1 g6 29. Rh3 Rg7 30. Qf8+ Rg8 31. Qf6+ Rg7 32. Rhg3 Qb6 33. Qf8+ Rg8 34. Qe7 Qd8 35. Qe6 Qb6 36. Qxb6 axb6 37. Kb1 Bc6 38. Rd1 Rad8 39. Nf7+ Kg7 40. Nxd8 Kf6 41. Nxc6 bxc6 42. Rd6+ Ke7 43. Rxc6 Rb8 44. Rg1 Kd7 45. Rc4 b5 46. Rd1+ Ke6 47. Rc6+ Ke7 48. Rc7+ Ke6 49. Rxh7 1-0

[Event "30th NATO Chess-ch 2019"]
[Site "Berlin"]
[Date "2019.09.17"]
[Round "2.19"]
[White "Hater, David"]
[Black "Tommasini, Enzo"]
[Result "1/2-1/2"]
[ECO "C01"]
[WhiteElo "1973"]
[BlackElo "2147"]
[Annotator "ChessBase"]
[PlyCount "80"]
[EventDate "2019.09.16"]
[EventType "swiss"]
[EventCountry "GER"]
[SourceTitle "playchess.com"]
[Source "ChessBase"]
[SourceQuality "1"]
[TimeControl "40/7200:1800"]

1. e4 e6 2. d4 d5 3. exd5 exd5 4. Bf4 Bd6 5. Bxd6 Qxd6 6. c3 Ne7 7. Bd3 O-O 8. Qc2 g6 9. Nf3 Nbc6 10. O-O Bg4 11. Nbd2 Rae8 12. Rfe1 f6 13. Re3 Bf5 14. Rae1 Qd7 15. Nf1 Bxd3 16. Qxd3 Nc8 17. Rxe8 Rxe8 18. Rxe8+ Qxe8 19. Qe3 Qe4 20. N3d2 Qe7 21. Nb3 b6 22. f3 Nd6 23. Qxe7 Nxe7 24. Ne3 Nc4 25. Nxc4 dxc4 26. Nd2 b5 27. Kf2 Kf7 28. a4 c6 29. axb5 cxb5 30. Ne4 Ke6 31. Nc5+ Kd5 32. Ne4 Ke6 33. Nc5+ Kd5 34. Ne4 Ng8 35. g4 a5 36. Ke3 b4 37. Kd2 f5 38. gxf5 gxf5 39. Ng3 Ne7 40. Nh5 Kd6 1/2-1/2

[Event "30th NATO Chess-ch 2019"]
[Site "Berlin"]
[Date "2019.09.17"]
[Round "2.20"]
[White "Graczyk, Damian"]
[Black "Steffers, Hendrik"]
[Result "1-0"]
[ECO "E17"]
[WhiteElo "2133"]
[BlackElo "1965"]
[Annotator "NA"]
[PlyCount "69"]
[EventDate "2019.09.16"]
[EventType "swiss"]
[EventCountry "GER"]
[SourceTitle "playchess.com"]
[Source "ChessBase"]
[SourceQuality "1"]
[TimeControl "40/7200:1800"]

1. d4 d5 2. Nf3 Nf6 3. c4 e6 4. Nbd2 Be7 5. g3 O-O 6. Bg2 Nbd7 7. O-O b6 8. b3 Bb7 9. Bb2 h6 10. Rc1 Rc8 11. Ne5 c5 12. cxd5 exd5 13. Nxd7 Qxd7 14. Nf3 Ne4 $11 15. dxc5 bxc5 16. Ne5 Qe6 17. Qc2 Bf6 18. Nd3 c4 19. Nf4 Qb6 20. Bxf6 Nxf6 21. bxc4 Rxc4 22. Qf5 Rfc8 23. Rb1 Qc6 24. Rfd1 Qa6 25. e3 Rc2 26. Nd3 R2c4 27. Ne5 R4c7 28. Bf1 Qxa2 29. Rxb7 Qc2 30. Qxc2 Rxc2 31. Rxa7 Rf8 32. Nd7 Nxd7 33. Rxd7 Rb8 34. R7xd5 Rbb2 35. Bd3 1-0

[Event "30th NATO Chess-ch 2019"]
[Site "Berlin"]
[Date "2019.09.17"]
[Round "2.21"]
[White "Violini, Paolo"]
[Black "Kersic, Matej"]
[Result "1/2-1/2"]
[ECO "D11"]
[WhiteElo "1963"]
[BlackElo "2122"]
[Annotator "NA"]
[PlyCount "67"]
[EventDate "2019.09.16"]
[EventType "swiss"]
[EventCountry "GER"]
[SourceTitle "playchess.com"]
[Source "ChessBase"]
[SourceQuality "1"]
[TimeControl "40/7200:1800"]

1. d4 d5 2. Nf3 Nf6 3. g3 c6 4. Bg2 Bf5 5. c4 e6 6. Nc3 Nbd7 7. Qb3 Qb6 8. c5 Qxb3 9. axb3 e5 10. dxe5 Ng4 11. Nd4 Be6 12. Bh3 Ngxe5 $16 13. Bxe6 fxe6 14. Nxe6 Ke7 15. Nxf8 Rhxf8 16. Be3 Kf7 17. O-O Rfe8 18. Rfe1 a6 19. Kg2 Re6 20. Bd4 Rae8 21. Rad1 Nf6 22. e3 Ned7 23. Ra1 Ne4 24. Nxe4 Rxe4 25. Ra4 R4e7 26. Rc1 Nf8 27. f4 Nd7 28. Kf3 Nf6 29. Be5 Ne4 30. Rc2 h5 31. h3 Nf6 32. Re2 Ne4 33. Rc2 Nf6 34. Re2 1/2-1/2

[Event "30th NATO Chess-ch 2019"]
[Site "Berlin"]
[Date "2019.09.17"]
[Round "2.23"]
[White "Pirs, Matjaz"]
[Black "Keough, Robert"]
[Result "1/2-1/2"]
[ECO "D00"]
[WhiteElo "2203"]
[BlackElo "2108"]
[Annotator "NA"]
[PlyCount "124"]
[EventDate "2019.09.16"]
[EventType "swiss"]
[EventCountry "GER"]
[SourceTitle "playchess.com"]
[Source "ChessBase"]
[SourceQuality "1"]
[TimeControl "40/7200:1800"]

1. d4 Nf6 2. Nc3 d5 3. Bf4 c6 4. e3 Bf5 5. Bd3 (5. Nf3 h6 6. Ne5 Nbd7 7. g4 Bh7 8. h4 Nxe5 9. dxe5 Ne4 10. Nxe4 Bxe4 11. f3 Bh7 12. e6 {1-0 (57) Bortnyk,O (2610)-Dreev,A (2653) Riadh 2017}) 5... Bxd3 6. cxd3 {[%emt 1:50:27] D00: 1 d4 d5: Unusual lines} e6 7. Nf3 Be7 8. Ne5 O-O 9. O-O Nbd7 10. h3 Rc8 $146 ({Predecessor:} 10... c5 11. dxc5 Bxc5 12. d4 {½-½ (76) Newton,R (2016)-Johnson,P (1873) Wakefield 2016}) 11. Rc1 c5 12. Nxd7 Nxd7 13. dxc5 Bxc5 14. d4 Bb4 15. Qb3 Qe7 16. a3 Bxc3 17. Rxc3 Rxc3 18. Qxc3 g5 19. Bg3 $14 Nb8 20. Bxb8 Rxb8 21. Rc1 Kg7 22. b4 Rd8 23. a4 Rd6 24. b5 a6 25. Qc5 axb5 26. axb5 Qd8 27. Ra1 b6 28. Qb4 Rd7 29. Rc1 Rc7 30. Rc6 Rxc6 31. bxc6 Qc7 32. Qa4 Kf6 33. g3 Ke7 34. Qb4+ Kf6 35. Qa4 h5 36. Kg2 Ke7 37. Qb4+ Kf6 38. Qa4 Ke7 39. Qb4+ Ke8 40. Qa4 Kd8 41. Kf3 f5 42. Ke2 Qc8 43. Kd3 Kc7 44. f3 Qb8 45. g4 hxg4 46. hxg4 fxg4 47. fxg4 b5 48. Qb4 Kxc6 49. Qc5+ Kd7 50. Kc3 Qc7 51. Kb4 Qg3 52. Qxb5+ Ke7 53. Qe2 e5 54. Kc5 e4 55. Kxd5 Qf3 56. Qd2 Qxg4 57. Qb4+ Kf7 58. Qb7+ Kg6 59. Qc6+ Kg7 60. Qc7+ Kg6 61. Qc6+ Kg7 62. Qc7+ Kg6 1/2-1/2

[Event "30th NATO Chess-ch 2019"]
[Site "Berlin"]
[Date "2019.09.17"]
[Round "2.24"]
[White "Cichy, Kamil"]
[Black "Fielding, Michael"]
[Result "1-0"]
[ECO "B41"]
[WhiteElo "2106"]
[BlackElo "1760"]
[Annotator "NA"]
[PlyCount "65"]
[EventDate "2019.09.16"]
[EventType "swiss"]
[EventCountry "GER"]
[SourceTitle "playchess.com"]
[Source "ChessBase"]
[SourceQuality "1"]
[TimeControl "40/7200:1800"]

1. e4 c5 2. Nf3 e6 3. c4 Nc6 4. Nc3 Nf6 5. Be2 Be7 6. O-O a6 7. d4 cxd4 {[%emt 1:46:29] dxe3 Nd4} 8. Nxd4 Qc7 9. Be3 O-O 10. Rc1 Rd8 $16 11. f3 Nxd4 12. Qxd4 b6 13. Qxb6 Qc6 14. e5 Ne8 15. f4 Bb7 16. Bf3 Qxb6 17. Bxb6 Rdb8 18. c5 Bc6 19. Rcd1 Bd8 20. Bxc6 dxc6 21. Na4 Nc7 22. Rd6 Nd5 23. Rxc6 Nb4 24. Rd6 Be7 25. Rd7 Nd5 26. g3 Kf8 27. Rc1 Ke8 28. Ra7 Rxa7 29. Bxa7 Rb4 30. b3 Bd8 31. c6 Bc7 32. Nc5 a5 33. Nb7 1-0

[Event "30th NATO Chess-ch 2019"]
[Site "Berlin"]
[Date "2019.09.17"]
[Round "2.25"]
[White "Abbate, Giovanni"]
[Black "Onley, David E"]
[Result "1/2-1/2"]
[ECO "B25"]
[WhiteElo "1600"]
[BlackElo "2103"]
[Annotator "NA"]
[PlyCount "86"]
[EventDate "2019.09.16"]
[EventType "swiss"]
[EventCountry "GER"]
[SourceTitle "playchess.com"]
[Source "ChessBase"]
[SourceQuality "1"]
[TimeControl "40/7200:1800"]

1. e4 c5 2. g3 Nc6 3. Bg2 g6 4. Nc3 Bg7 5. d3 d6 6. Nf3 e6 7. a3 Nge7 8. Bd2 O-O 9. O-O Bd7 10. Rb1 a6 11. Qc1 Nd4 12. Nxd4 cxd4 13. Ne2 Rc8 14. c4 b5 15. b3 Nc6 16. f4 f5 17. exf5 Rxf5 18. Kh1 Ne7 19. Qb2 Qb6 20. Qa2 Rff8 21. Ng1 Nf5 22. Rfe1 Rce8 23. Nf3 Bc6 24. Ng5 Qb7 25. Bc1 e5 26. Bxc6 Qxc6+ 27. Ne4 d5 28. cxd5 Qxd5 29. Qg2 Kh8 30. Re2 Rc8 31. Rc2 Ne3 32. Bxe3 dxe3 33. fxe5 Qxd3 34. Rbc1 Rxc2 35. Qxc2 Qxc2 36. Rxc2 Bxe5 37. Kg2 Bd4 38. Ng5 Rf6 39. Rc8+ Kg7 40. Rc7+ Kg8 41. Rc8+ Kg7 42. Rc7+ Kh8 43. Rc8+ Kg7 1/2-1/2

[Event "30th NATO Chess-ch 2019"]
[Site "Berlin"]
[Date "2019.09.17"]
[Round "2.26"]
[White "Sycz, Dariusz"]
[Black "Vael, Steve"]
[Result "1-0"]
[ECO "D94"]
[WhiteElo "2215"]
[BlackElo "1602"]
[Annotator "NA"]
[PlyCount "75"]
[EventDate "2019.09.16"]
[EventType "swiss"]
[EventCountry "GER"]
[SourceTitle "playchess.com"]
[Source "ChessBase"]
[SourceQuality "1"]
[TimeControl "40/7200:1800"]

1. d4 c6 2. Nf3 d5 3. c4 g6 4. Nc3 Nf6 5. e3 Bg7 6. Bd3 Bg4 7. h3 Bxf3 8. Qxf3 e6 9. O-O O-O 10. b3 Re8 {[%emt 1:25:53] D94: Grünfeld: 4 Nf3 Bg7 5 e3} 11. Bb2 Na6 $146 ({Predecessor:} 11... Nbd7 12. Qe2 a6 13. Rac1 Rc8 14. Rfd1 Qc7 15. f4 dxc4 16. Bxc4 b5 17. Bd3 Qa7 18. Ne4 Nxe4 19. Bxe4 c5 20. dxc5 Nxc5 {½-½ (70) Mamedyarov,S (2764)-Kamsky,G (2762) Tashkent 2012}) 12. Rad1 Nc7 13. e4 Qe7 14. e5 Nd7 15. Qe2 a6 16. f4 Rad8 17. Nb1 Rb8 18. Ba3 Qd8 19. Bd6 Bf8 20. c5 $14 ({White should play} 20. Qf2 $16) 20... Ra8 21. a4 f5 22. Nd2 Rc8 23. Nf3 Bh6 24. Qd2 Na8 25. g3 Nb8 26. b4 Qd7 27. Rb1 Bf8 28. b5 Nc7 29. bxa6 Ncxa6 30. Rb6 Bxd6 31. exd6 Qg7 32. Rfb1 Nd7 33. Rxb7 Naxc5 34. dxc5 Rb8 35. Ne5 Rxb7 36. Rxb7 Qxe5 37. fxe5 Nxe5 38. Qb2 1-0

[Event "30th NATO Chess-ch 2019"]
[Site "Berlin"]
[Date "2019.09.17"]
[Round "2.27"]
[White "Tikerpuu, Mati"]
[Black "Nikomanis, Andreas"]
[Result "0-1"]
[ECO "A00"]
[WhiteElo "1717"]
[BlackElo "2053"]
[Annotator "NA"]
[PlyCount "70"]
[EventDate "2019.09.16"]
[EventType "swiss"]
[EventCountry "GER"]
[SourceTitle "playchess.com"]
[Source "ChessBase"]
[SourceQuality "1"]
[TimeControl "40/7200:1800"]

1. b4 c6 2. Bb2 a5 3. a3 axb4 4. axb4 Rxa1 5. Bxa1 Qb6 6. Nf3 Qxb4 7. e3 d5 8. Be2 Nd7 9. O-O Ngf6 10. d4 g6 11. Nbd2 Bg7 12. c4 O-O 13. Qc2 Qd6 14. Bb2 e6 15. Ra1 Rd8 16. Ra8 Qc7 17. c5 b6 18. Bc3 Qb7 19. Qa2 bxc5 20. Ra7 Qb8 21. Qa5 Re8 22. dxc5 Bb7 23. Ne5 Nxe5 24. Bxe5 Qxe5 25. Rxb7 Rf8 26. Nf3 Qe4 27. Qc7 Qc2 28. Nd4 Qc1+ 29. Bf1 Ne4 30. Nxe6 Nd2 31. h3 Qxf1+ 32. Kh2 Qxf2 33. Qf4 Be5 34. Qxe5 Nf3+ 35. Kh1 Qg1# {--- Nh2+ --- Qb1+ Ra1 --- Rb5 c5+ --- Rfa8+ --- Nb8+ --- Ra2+} 0-1

[Event "30th NATO Chess-ch 2019"]
[Site "Berlin"]
[Date "2019.09.17"]
[Round "2.28"]
[White "Kristensen, Steen Rikard"]
[Black "Nielsen, Jan Mose"]
[Result "1/2-1/2"]
[ECO "A21"]
[WhiteElo "2022"]
[BlackElo "2044"]
[Annotator "NA"]
[PlyCount "36"]
[EventDate "2019.09.16"]
[EventType "swiss"]
[EventCountry "GER"]
[SourceTitle "playchess.com"]
[Source "ChessBase"]
[SourceQuality "1"]
[TimeControl "40/7200:1800"]

1. c4 e5 2. Nc3 Be7 3. g3 Nc6 4. Bg2 d6 5. e3 Be6 6. b3 Nf6 7. Nge2 Qd7 8. d4 exd4 9. Nxd4 h5 10. Nxe6 Qxe6 11. Nd5 O-O-O 12. Bb2 Kb8 13. Qf3 Ne5 14. Bxe5 Qxe5 15. O-O Nxd5 16. Qxd5 Qxd5 17. cxd5 h4 18. g4 Bf6 1/2-1/2

[Event "30th NATO Chess-ch 2019"]
[Site "Berlin"]
[Date "2019.09.17"]
[Round "2.29"]
[White "Schott, Guido"]
[Black "De Cat, Ben"]
[Result "1/2-1/2"]
[ECO "A54"]
[WhiteElo "2043"]
[BlackElo "1891"]
[Annotator "NA"]
[PlyCount "101"]
[EventDate "2019.09.16"]
[EventType "swiss"]
[EventCountry "GER"]
[SourceTitle "playchess.com"]
[Source "ChessBase"]
[SourceQuality "1"]
[TimeControl "40/7200:1800"]

1. Nf3 Nf6 2. c4 d6 3. d4 c6 4. Nc3 Nbd7 5. g3 e5 6. Bg2 Be7 7. O-O Qc7 8. Qc2 O-O 9. b3 Re8 10. Bb2 Nf8 11. Rad1 Bg4 12. dxe5 dxe5 13. Ne4 Ng6 14. h3 Nxe4 15. hxg4 Ng5 16. Nxg5 Bxg5 17. Qf5 f6 18. e3 Rad8 19. Be4 Kf7 20. Qf3 Rxd1 21. Rxd1 Rd8 22. Kg2 Ke8 23. Qe2 Rxd1 24. Qxd1 Qd7 25. Qe2 Kf7 26. c5 Kf8 27. b4 Bh6 28. a4 Ne7 29. b5 g6 30. Bc3 Bg7 31. Bf3 f5 32. gxf5 gxf5 33. Qc4 e4 34. Bxg7+ Kxg7 35. Be2 Nd5 36. Qd4+ Nf6 37. Qe5 Kg6 38. Bc4 Qd1 39. Qf4 Nh5 40. Qd6+ Qxd6 41. cxd6 Kf6 42. Kh3 Ng7 43. g4 fxg4+ 44. Kxg4 Ne6 45. d7 Nd8 46. Kf4 Ke7 47. Kxe4 Kxd7 48. Kf5 Ke7 49. Bg8 Nf7 50. Bxh7 cxb5 51. axb5 1/2-1/2

[Event "30th NATO Chess-ch 2019"]
[Site "Berlin"]
[Date "2019.09.17"]
[Round "2.30"]
[White "Stankowski, Aleksander"]
[Black "Sarnovska, Eira"]
[Result "0-1"]
[ECO "A08"]
[WhiteElo "2022"]
[BlackElo "1669"]
[Annotator "NA"]
[PlyCount "86"]
[EventDate "2019.09.16"]
[EventType "swiss"]
[EventCountry "GER"]
[SourceTitle "playchess.com"]
[Source "ChessBase"]
[SourceQuality "1"]
[TimeControl "40/7200:1800"]

1. Nf3 d5 2. g3 Nf6 3. Bg2 g6 4. O-O Bg7 5. d3 c5 6. Nc3 Nc6 7. e4 dxe4 8. dxe4 O-O 9. Be3 Qa5 10. Nd2 Ng4 11. Nb3 Nxe3 12. fxe3 Qb4 13. Nd5 Qc4 14. Rf4 Be5 15. Bf1 Qa4 16. Nxc5 Qa5 17. Nb3 Qd8 18. Rf2 Bxb2 19. Rb1 Bg7 20. Rd2 Bd7 21. Nc5 Ne5 22. Nxb7 Bg4 23. Be2 Bxe2 24. Qxe2 Qe8 25. Nc7 Qc6 26. Nxa8 Rxa8 27. Rd8+ Rxd8 28. Nxd8 Qxe4 29. Rb8 Bf8 30. h3 Nf3+ 31. Kf2 Ng5 32. h4 Qf5+ 33. Ke1 Ne4 34. Rb5 Qh3 35. Qf3 Nd6 36. Rb8 Qd7 37. Nc6 Nc4 38. Qd5 Nd6 39. Ne5 Qc7 40. Qb3 Qa5+ 41. Ke2 Qxe5 42. c4 Nf5 43. g4 Nd4+ 0-1

[Event "30th NATO Chess-ch 2019"]
[Site "Berlin"]
[Date "2019.09.17"]
[Round "3.2"]
[White "Helbig, Mark"]
[Black "Graczyk, Damian"]
[Result "0-1"]
[ECO "A25"]
[WhiteElo "2332"]
[BlackElo "2133"]
[Annotator "ChessBase"]
[PlyCount "96"]
[EventDate "2019.09.16"]
[EventType "swiss"]
[EventCountry "GER"]
[SourceTitle "playchess.com"]
[Source "ChessBase"]
[SourceQuality "1"]
[TimeControl "40/7200:1800"]

1. c4 e5 2. Nc3 Nc6 3. g3 f5 4. Bg2 Nf6 5. e3 d5 6. cxd5 Nb4 7. d3 Nfxd5 8. Nxd5 Nxd5 9. a3 Nf6 10. Nf3 Bd6 11. O-O Qe7 12. e4 fxe4 13. dxe4 O-O 14. Qc2 Kh8 15. Nh4 c6 16. Bg5 Bc5 17. Rad1 Bd4 18. Qe2 Qf7 19. Nf3 Bg4 20. h3 Bxf3 21. Bxf3 Nd7 22. Bg2 Nc5 23. Kh2 Ne6 24. Bc1 Qc7 25. Qg4 Nc5 26. b4 Nb3 27. Be3 a5 28. Rd3 a4 29. f4 c5 30. bxc5 Qxc5 31. Bxd4 exd4 32. e5 Qxa3 33. f5 Qe7 34. Qf4 Nc5 35. Rxd4 Ne6 36. Qh4 Qxh4 37. Rxh4 a3 38. Rc4 a2 39. Rcc1 Nd4 40. Bxb7 Rab8 41. Bd5 Rb2+ 42. Bg2 Nb3 43. Rcd1 Ra8 44. e6 a1=Q 45. Rxa1 Rxa1 46. Rxa1 Nxa1 47. g4 Kg8 48. g5 Rf2 0-1

[Event "30th NATO Chess-ch 2019"]
[Site "Berlin"]
[Date "2019.09.17"]
[Round "3.3"]
[White "Binder, Tamas"]
[Black "Bohn, Ulrich"]
[Result "1-0"]
[ECO "A45"]
[WhiteElo "2261"]
[BlackElo "2157"]
[Annotator "NA"]
[PlyCount "80"]
[EventDate "2019.09.16"]
[EventType "swiss"]
[EventCountry "GER"]
[SourceTitle "playchess.com"]
[Source "ChessBase"]
[SourceQuality "1"]
[TimeControl "40/7200:1800"]

1. d4 Nf6 2. c3 b6 3. Bf4 Bb7 4. e3 d6 5. Nf3 Nh5 6. Bg3 Nxg3 7. hxg3 Nd7 8. Qc2 Nf6 9. Nbd2 Qd7 10. a4 a6 11. a5 b5 12. c4 e6 13. cxb5 axb5 14. b4 Nd5 15. Rb1 f5 16. Bd3 Nf6 17. O-O Ra7 18. Rfc1 Ba8 19. Qd1 Be7 20. Qe2 c6 21. e4 O-O 22. exf5 exf5 23. Nf1 f4 24. gxf4 Nd5 25. g3 Qh3 26. Be4 c5 27. dxc5 Rxf4 28. c6 Rxe4 29. Qxe4 Nf6 30. Qe3 Rc7 31. Qb6 Bd8 32. Qxb5 h6 33. Qb8 Rc8 34. Qxd6 Kh8 35. b5 Bc7 36. Qb4 Ng4 37. b6 Bxg3 38. fxg3 Ne3 39. Nxe3 Qxg3+ 40. Ng2 Rf8 1-0

[Event "30th NATO Chess-ch 2019"]
[Site "Berlin"]
[Date "2019.09.17"]
[Round "3.4"]
[White "Stentebjerg-Hansen, Per"]
[Black "Papasimakopoulos, Alexandros"]
[Result "0-1"]
[ECO "D03"]
[WhiteElo "2178"]
[BlackElo "2218"]
[Annotator "ChessBase"]
[PlyCount "96"]
[EventDate "2019.09.16"]
[EventType "swiss"]
[EventCountry "GER"]
[SourceTitle "playchess.com"]
[Source "ChessBase"]
[SourceQuality "1"]
[TimeControl "40/7200:1800"]

1. d4 Nf6 2. Nf3 e6 3. Bg5 c5 4. e3 Qb6 5. Nbd2 d5 6. Rb1 Nc6 7. c3 h6 8. Bh4 Be7 9. Bd3 O-O 10. O-O Re8 11. Qe2 Nd7 12. Bxe7 Rxe7 13. b4 c4 14. Bc2 f5 15. Ba4 e5 16. Nxc4 dxc4 17. Qxc4+ Kh7 18. Bb3 Nf6 19. b5 Be6 20. Qe2 e4 21. Bxe6 Rxe6 22. bxc6 exf3 23. Qxf3 Qxc6 24. Qxf5+ Kh8 25. Rxb7 Qxb7 26. Qxe6 Qb2 27. Qc6 Rf8 28. h3 Qxa2 29. c4 Qc2 30. Qc5 Rf7 31. f3 Qe2 32. Qc8+ Ng8 33. Rb1 Qxe3+ 34. Kh1 Re7 35. d5 Re8 36. Qf5 Qd4 37. Rb7 Nf6 38. Rc7 g6 39. Qxg6 Re1+ 40. Kh2 Qf4+ 41. Qg3 Rh1+ 42. Kxh1 Qxg3 43. Rxa7 Qe1+ 44. Kh2 Qe5+ 45. Kh1 Nh5 46. Ra2 Ng3+ 47. Kh2 Qf4 48. Ra6 Ne2+ 0-1

[Event "30th NATO Chess-ch 2019"]
[Site "Berlin"]
[Date "2019.09.17"]
[Round "3.5"]
[White "Cichy, Kamil"]
[Black "Wang, Eigen"]
[Result "0-1"]
[ECO "C15"]
[WhiteElo "2106"]
[BlackElo "2193"]
[Annotator "NA"]
[PlyCount "42"]
[EventDate "2019.09.16"]
[EventType "swiss"]
[EventCountry "GER"]
[SourceTitle "playchess.com"]
[Source "ChessBase"]
[SourceQuality "1"]
[TimeControl "40/7200:1800"]

1. e4 e6 2. Nc3 d5 3. d4 Bb4 4. Bd3 dxe4 5. Bxe4 Nf6 6. Bf3 O-O 7. Nge2 e5 8. dxe5 Qxd1+ 9. Kxd1 Ng4 10. Bxg4 Bxg4 11. Be3 Nc6 12. f4 f6 13. h3 Rad8+ 14. Kc1 Bxe2 15. Nxe2 fxe5 16. c3 exf4 17. Nxf4 Rfe8 18. Bd2 Bc5 19. Rf1 Ne5 20. Kc2 Nc4 21. Rad1 Rxd2+ 0-1

[Event "30th NATO Chess-ch 2019"]
[Site "Berlin"]
[Date "2019.09.17"]
[Round "3.6"]
[White "Oltean, Gusztav"]
[Black "Mouroutis, Konstantinos"]
[Result "0-1"]
[ECO "D12"]
[WhiteElo "2053"]
[BlackElo "2181"]
[Annotator "ChessBase"]
[PlyCount "92"]
[EventDate "2019.09.16"]
[EventType "swiss"]
[EventCountry "GER"]
[SourceTitle "playchess.com"]
[Source "ChessBase"]
[SourceQuality "1"]
[TimeControl "40/7200:1800"]

1. d4 d5 2. Nf3 Nf6 3. e3 Bf5 4. c4 e6 5. Nc3 c6 6. cxd5 exd5 7. Bd3 Bxd3 8. Qxd3 Nbd7 9. O-O Be7 10. e4 dxe4 11. Nxe4 O-O 12. Nxf6+ Nxf6 13. Bg5 Re8 14. Rfd1 Qd5 15. a3 h6 16. Bh4 Nh5 17. Bxe7 Rxe7 18. Re1 Rae8 19. Rxe7 Rxe7 20. g3 g6 21. Re1 Rxe1+ 22. Nxe1 Ng7 23. b4 Nf5 24. Nc2 Kf8 25. f3 h5 26. Kf2 Qa2 27. Ke1 Qb1+ 28. Qd1 Qb2 29. Qd2 Ke7 30. g4 hxg4 31. fxg4 Nd6 32. Qe2+ Kd7 33. Kf2 Qc3 34. Kg2 Nc4 35. Kg1 Nxa3 36. Nxa3 Qxa3 37. Qf2 Ke7 38. Qe1+ Kf8 39. Qe5 Qxb4 40. g5 a5 41. Qh8+ Ke7 42. h4 a4 43. h5 Qe1+ 44. Kg2 Qe2+ 45. Kg1 gxh5 46. Qf6+ Ke8 0-1

[Event "30th NATO Chess-ch 2019"]
[Site "Berlin"]
[Date "2019.09.17"]
[Round "3.7"]
[White "Watters, Chase"]
[Black "Fichtner, Ewald"]
[Result "1-0"]
[ECO "D00"]
[WhiteElo "2179"]
[BlackElo "2046"]
[Annotator "NA"]
[PlyCount "105"]
[EventDate "2019.09.16"]
[EventType "swiss"]
[EventCountry "GER"]
[SourceTitle "playchess.com"]
[Source "ChessBase"]
[SourceQuality "1"]
[TimeControl "40/7200:1800"]

1. d4 d5 2. Bf4 Nf6 3. e3 c5 4. dxc5 Qa5+ 5. Nd2 Nc6 6. a3 Qxc5 7. b4 Qb6 8. Ngf3 g6 9. c4 Be6 10. c5 Qd8 11. b5 Nb8 12. Nd4 Qc8 13. c6 Bg7 14. Rc1 Nh5 15. Bxb8 Rxb8 16. c7 Ra8 17. Be2 Nf6 18. O-O O-O 19. f4 Qd7 20. N2b3 b6 21. Rc6 Rac8 22. Nxe6 fxe6 23. Nd4 Rxc7 24. Nxe6 Rxc6 25. Nxf8 Kxf8 26. bxc6 Qxc6 27. Bf3 e6 28. Qc1 Qb7 29. Qc2 Nd7 30. e4 Nc5 31. exd5 exd5 32. f5 Bd4+ 33. Kh1 Kg7 34. Rd1 Qe7 35. fxg6 hxg6 36. Bxd5 Qe5 37. Bf3 g5 38. Qc4 Bb2 39. a4 Ne6 40. Qe4 Nc5 41. Qa8 Qe7 42. Qc6 Be5 43. h3 Bb8 44. Bh5 Bc7 45. Qg6+ Kf8 46. Rf1+ Bf4 47. g3 Qd7 48. Kg2 Qd2+ 49. Rf2 Qd5+ 50. Bf3 Qc4 51. Re2 Qxa4 52. Qf6+ Kg8 53. Bd5+ 1-0